 Dungeon Crawl Stone Soup version 0.24-a0-530-g18ba70b503 (webtiles) character file.

Game seed: 4681143018610998039

201 Mithandil the Conjurer (level 5, 0/29 HPs)
             Began as a Tengu Conjurer on Aug 6, 2019.
             Succumbed to Eustachio's poison
             ... on level 4 of the Dungeon on Aug 7, 2019.
             The game lasted 00:15:32 (2603 turns).

Mithandil the Conjurer (Tengu Conjurer)             Turns: 2603, Time: 00:15:32

Health: 0/29       AC:  4    Str:  9    XL:     5   Next: 79%
Magic:  1/10       EV: 12    Int: 15    God:
Gold:   99         SH:  0    Dex: 15    Spells: 3/10 levels left

rFire    . . .     SeeInvis .   a - +0 quarterstaff
rCold    . . .     Gourm    .   (shield currently unavailable)
rNeg     . . .     Faith    .   i - +0 leather armour
rPois    .         Spirit   .   (helmet restricted)
rElec    .         Reflect  .   g - +0 cloak
rCorr    .         Harm     .   (no gloves)
MR       .....                  (boots unavailable)
Stlth    ++........             (no amulet)
HPRegen  0.09/turn              (no ring)
MPRegen  0.12/turn              (no ring)

@: lethally poisoned (0 -> -14)
A: beak, talons 3, able to fly
a: Fly


You were on level 4 of the Dungeon.
You were hungry.

You visited 1 branch of the dungeon, and saw 4 of its levels.

You collected 99 gold pieces.

Inventory:

Hand Weapons
 a - a +0 quarterstaff (weapon)
 h - a +0 whip
 k - a +0 short sword
 l - a +0 hand axe
 o - a +0 flail
Missiles
 d - 117 stones
 f - 47 arrows
 r - 17 poisoned darts (quivered)
Armour
 g - a +0 cloak (worn)
 i - a +0 leather armour (worn)
Scrolls
 b - a scroll of noise {unknown}
Potions
 e - a potion of heal wounds {unknown}
 m - a potion of cancellation {unknown}
 n - a potion of lignification {unknown}
 p - a potion of magic {unknown}
 q - a potion of invisibility {unknown}
Comestibles
 c - 4 rations


   Skills:
 + Level 1.4 Fighting
 + Level 1.0 Staves
 + Level 0.5 Throwing
 + Level 2.8 Dodging
 + Level 2.9 Stealth
 * Level 3.2 Spellcasting
 * Level 6.4 Conjurations
 + Level 0.8 Translocations


You had 3 spell levels left.
You knew the following spells:

 Your Spells              Type           Power        Failure   Level  Hunger
a - Magic Dart            Conj           ###.         1%          1    #......
b - Searing Ray           Conj           ###...       3%          2    ##.....
c - Force Lance           Conj/Tloc      ##......     52%         4    #####..

Your spell library contained the following spells:

 Spells                   Type           Power        Failure   Level  Hunger
 Dazzling Spray           Conj/Hex       ##....       22%         3    ###....
 Iskenderun's Mystic Bla  Conj           ###.....     21%         4    #####..
 Fulminant Prism          Conj/Hex       ##........   58%         4    #####..


Dungeon Overview and Level Annotations

Branches:
Dungeon (4/15)
 Temple: D:4-7

Altars:
Cheibriados

Shops:
D:4 *

Annotations:
D:2 exclusion: downstairs
D:3 Sigmund
D:4 Eustachio


Innate Abilities, Weirdness & Mutations

You have a beak for a mouth.
You have claws for feet.
You can fly continuously.


Message History

* * * LOW HITPOINT WARNING * * *
The gnoll misses you.
The searing ray hits the gnoll!
You kill the gnoll!
Your Staves skill increases to level 1!
Eustachio hits you with a +1 rapier of venom.
* * * LOW HITPOINT WARNING * * *
You are more poisoned.
The searing ray hits the gnoll!
The gnoll is heavily wounded.
The searing ray hits the gnoll!
The gnoll is almost dead.
You finish channeling your searing ray.
* * * LOW HITPOINT WARNING * * *
You feel sick. The gnoll hits you but does no damage.
Eustachio hits you with a +1 rapier of venom.
* * * LOW HITPOINT WARNING * * *
You barely miss Eustachio.
Eustachio is moderately wounded.
You die...

#g........
#..##.....
##o## ....
#..# ...
###.## .#
#####.5r#
#
.....rgr#
#######g##
##@# #@#
###


You could see Eustachio, 2 gnolls, a crimson imp, a river rat, a quokka and a
rat.

Vanquished Creatures
  A hound (D:4)
  An orc wizard (D:3)
  A worker ant (D:4)
  A gnoll (D:4)
  6 adders (D:2)
  2 worms (D:2)
  3 leopard geckos (D:1)
  5 orcs
  4 bats
  2 giant cockroaches
  5 goblins
  5 hobgoblins
  5 kobolds
  2 quokkas
  7 frilled lizards
  4 rats
54 creatures vanquished.

Notes
Turn   | Place    | Note
-------+----------+-------------------------------------------
     0 | D:1      | Mithandil the Tengu Conjurer began the quest for the Orb.
     0 | D:1      | Reached XP level 1. HP: 10/10 MP: 4/4
   156 | D:1      | Reached XP level 2. HP: 15/15 MP: 1/6
   160 | D:1      | Learned a level 2 spell: Searing Ray
   816 | D:1      | Reached XP level 3. HP: 20/20 MP: 5/7
  1117 | D:3      | Noticed Sigmund
  1283 | D:2      | Reached skill level 6 in Conjurations
  1283 | D:2      | Reached XP level 4. HP: 19/24 MP: 1/9
  1354 | D:2      | Learned a level 4 spell: Force Lance
  1670 | D:2      | Reached skill level 1 in Fighting
  2186 | D:2      | Upgraded the game from 0.24-a0-528-g98e85ec62a to
                  | 0.24-a0-530-g18ba70b503
  2197 | D:3      | Gained mutation: You can fly continuously. [Tengu growth]
  2197 | D:3      | Reached XP level 5. HP: 29/29 MP: 4/10
  2422 | D:4      | Found Midel's General Store.
  2450 | D:4      | Found a snail-covered altar of Cheibriados.
  2505 | D:4      | Noticed Eustachio
  2601 | D:4      | Reached skill level 1 in Staves
  2603 | D:4      | Succumbed to Eustachio's poison

Levels and vault maps discovered:
D:1:      erik_arrival_blinker_ship, layout_basic
D:2:      layout_basic
D:3:      layout_basic, first_ration, uniq_sigmund
D:4:      layout_layer_cave, minmay_temple_entry_proselytizer,
          nicolae_ossuary_entry_ruins, serial_shops, shop, cheibriados_altar_1,
          uniq_eustachio

Skill      XL: |  1  2  3  4  5 |
---------------+----------------+-----
Conjurations   | 6 |  6.4
Fighting       | 1 |  1.4
Spellcasting   | 3 |  3.2
Staves         | 1 |  1.0
Throwing       | |  0.5
Dodging        | |  2.8
Stealth        | |  2.9
Translocations | |  0.8

Action                   |  1- 3 |  4- 6 || total
-------------------------+-------+-------++-------
Melee: Whip              |    16 |     1 ||    17
       Kick              |     4 |     2 ||     6
       Peck              |     1 |     2 ||     3
       Quarterstaff      |       |    16 ||    16
 Cast: Magic Dart        |    64 |    36 ||   100
       Searing Ray       |     1 |     7 ||     8
  Use: Scroll            |       |     2 ||     2
  Eat: Chunk             |     2 |     4 ||     6
Armor: Leather armour    |    13 |     8 ||    21
Dodge: Dodged            |    15 |    24 ||    39

Table legend:
 A = Non-vault XP
 B = Vault XP
 C = Vault XP percentage of total XP
 D = Non-vault monster count
 E = Vault monster count
 F = Vault count percentage of total count
                 A         B        C        D         E       F
            +---------+---------+-------+---------+---------+-------
      Total |     288 |       0 |   0.0 |      54 |       0 |   0.0
            +---------+---------+-------+---------+---------+-------
        D:1 |      29 |       0 |   0.0 |      16 |       0 |   0.0
        D:2 |     115 |       0 |   0.0 |      24 |       0 |   0.0
        D:3 |      46 |       0 |   0.0 |       6 |       0 |   0.0
        D:4 |      98 |       0 |   0.0 |       8 |       0 |   0.0
            +---------+---------+-------+---------+---------+-------
